 Dungeon Crawl Stone Soup version 0.27-a0-909-g0721f309d1 (webtiles) character file.

Game seed: 13145842920652041591

367 spiderkeys the Sneak (level 6, -3/37 HPs)
             Began as an Octopode Brigand on Apr 9, 2021.
             Was a Plaything of Xom.
             Slain by haplo13's ghost (10 damage)
             ... on level 4 of the Dungeon.
             The game lasted 00:04:28 (3555 turns).

spiderkeys the Sneak (Octopode Brigand)             Turns: 3555, Time: 00:04:28

Health: -3/37      AC:  1    Str: 10    XL:     6   Next: 69%
Magic:  6/6        EV: 18    Int: 12    God:    Xom [......]
Gold:   104        SH:  0    Dex: 15    Spells: 5/5 levels left

rFire    . . .     SeeInvis +   h - +0 short sword (elec)
rCold    . . .     Faith    .   (no shield)
rNeg     . . .     Spirit   .   (helmet restricted)
rPois    .         Reflect  .   (no amulet)
rElec    .         Harm     .   f - +4 ring of evasion
rCorr    .         Rampage  .   i - ring of see invisible
Will     .....                  (no ring)
Stlth    ++++......             (no ring)
HPRegen  0.12/turn              (no ring)
MPRegen  0.10/turn              (no ring)
                                (no ring)
                                (no ring)

@: no status effects
A: almost no armour, amphibious, 8 rings, camouflage 1, gelatinous body 1,
(nimble swimmer 1), tentacles, dopey 1, frail 1, screaming 1
a: Renounce Religion


You were on level 4 of the Dungeon.
You worshipped Xom.
You were a very special plaything of Xom.
You visited 1 branch of the dungeon, and saw 4 of its levels.

You collected 104 gold pieces.

Inventory:

Hand Weapons
 a - a +2 dagger
 h - a +0 short sword of electrocution (weapon)
Missiles
 b - 27 poisoned darts (quivered)
 c - 8 curare-tipped darts
Jewellery
 f - a +4 ring of evasion (left tentacle)
 i - a ring of see invisible (right tentacle)
Wands
 o - a wand of polymorph (10)
 p - a wand of flame (19)
 r - a wand of digging (6)
Scrolls
 e - a scroll of silence
 k - 2 scrolls of noise
 m - a scroll of identify
Potions
 d - 2 potions of curing {unknown}
 g - a potion of heal wounds
 j - 2 potions of haste
 l - 3 potions of flight
 n - 2 potions of brilliance


   Skills:
 + Level 3.5 Fighting
 + Level 3.5 Short Blades
 + Level 3.4 Throwing
 + Level 2.9 Dodging
 + Level 6.8 Stealth


You had 5 spell levels left.
You didn't know any spells.
Your spell library contained the following spells:

 Spells                   Type           Power      Damage    Failure   Level
 Magic Dart               Conj           0%         1d3       32%         1
 Blink                    Tloc           N/A        N/A       45%         2
 Call Imp                 Summ           0%         N/A       45%         2
 Slow                     Hex            0%         N/A       45%         2
 Conjure Flame            Conj/Fire      0%         6-21      69%         3
 Mephitic Cloud           Conj/Pois/Air  0%         N/A       69%         3


Dungeon Overview and Level Annotations

Branches:
Dungeon (4/15)
 Temple: D:4-7

Altars:
Xom

Shops:
D:3 *

Annotations:
D:4 haplo13's ghost, amateur HuFi


Innate Abilities, Weirdness & Mutations

You cannot wear most types of armour.
You are amphibious.
You can wear up to eight rings at the same time.
Your skin changes colour to match your surroundings (Stealth+).
Your rubbery body absorbs attacks. (AC +1, EV +1)
((You are camouflaged near water. (Stealth+)))
You have tentacles for arms and can constrict up to eight enemies at once.
You are dopey. (Int -2)
You are frail. (-10% HP)
You occasionally shout uncontrollably at your foes.


Message History

The orc wizard points at you and mumbles some strange words.
The magic dart hits you.
You hit the orc wizard but do no damage.
You squeeze the orc wizard.
The orc wizard is heavily wounded.
You constrict the orc wizard. The orc wizard barely misses you.
You hit the orc wizard. You squeeze the orc wizard.
You kill the orc wizard!
The orc wizard's corpse degenerates into a cloud of primal chaos!
You hit the wyvern skeleton.
Lightning courses through the wyvern skeleton!
You squeeze the wyvern skeleton.
The wyvern skeleton is heavily damaged.
The wyvern skeleton is engulfed in seething chaos.
The wyvern skeleton seems to speed up.
The wyvern skeleton misses you.
You hit the orc. Lightning courses through the orc!!
You kill the orc!
The orc's corpse disappears in a puff of smoke!
You hit the wyvern skeleton. You squeeze the wyvern skeleton.
The wyvern skeleton is severely damaged.
The wyvern skeleton is engulfed in seething chaos.
The wyvern skeleton bites you.
* * * LOW HITPOINT WARNING * * *
The wyvern skeleton is engulfed in seething chaos.
The wyvern skeleton misses you.
You barely miss the wyvern skeleton.
The wyvern skeleton is severely damaged.
The wyvern skeleton misses you.
The wyvern skeleton completely misses you.
You hit the wyvern skeleton.
The wyvern skeleton is severely damaged.
The wyvern skeleton misses you. The wyvern skeleton bites you.
* * * LOW HITPOINT WARNING * * *
You hit the wyvern skeleton.
Lightning courses through the wyvern skeleton!
You squeeze the wyvern skeleton.
You destroy the wyvern skeleton!
Haplo13's ghost hits you!
You die...
Xom bursts into laughter!

#.#.########.# #.#
#+#.#........#.#
#######.#
..).########.#.#
#.......# ....# #.#.#
#.#######
....########.#.# #.#
..#.†......).#.# #.#
...)..########.# #.#
...............####.#
........#######W@..>#
......###.#.#.#.######
......# #.....#......#
.....)# ##....'|.###.#
......# #.$...'..# #.#
####### ##$.Z.'.## #.#
#.....#.# #.# ##
#.#.#.#.# #.# .#
######### #.#


You could see haplo13's ghost and a howler monkey skeleton (wandering).

Vanquished Creatures
  Blork the orc (D:4)
  A wyvern skeleton (D:4)
  A centaur skeleton (D:4)
  A bullfrog skeleton (D:4)
  A hound (D:3)
  5 adders
  A worm (D:3)
  2 endoplasms (D:1)
  A giant cockroach (D:3)
  4 goblins
  5 hobgoblins
  6 jackals
  3 quokkas (D:1)
  6 ball pythons
  5 bats
  6 frilled lizards
  6 kobolds
  4 rats
59 creatures vanquished.

Vanquished Creatures (collateral kills)
  An ogre (D:4)
1 creature vanquished.

Grand Total: 60 creatures vanquished

Notes
Turn   | Place    | Note
-------+----------+-------------------------------------------
     0 | D:1      | spiderkeys the Octopode Brigand began the quest for the
                  | Orb.
     0 | D:1      | Reached XP level 1. HP: 14/14 MP: 1/1
   143 | D:1      | Reached XP level 2. HP: 7/19 MP: 2/2
   904 | D:2      | Reached XP level 3. HP: 20/24 MP: 3/3
  1983 | D:3      | Found Arebruor's General Store.
  2074 | D:3      | Reached XP level 4. HP: 14/30 MP: 4/4
  2411 | D:3      | Found a faded altar of an unknown god.
  2422 | D:3      | Became a worshipper of Xom of Many Doors
  2607 | D:3      | Reached skill level 6 in Stealth
  2681 | D:3      | XOM: silly message
  2792 | D:4      | Reached XP level 5. HP: 36/36 MP: 5/5
  2819 | D:4      | XOM: potion effect (brilliance)
  2883 | D:4      | Noticed Blork the orc
  2892 | D:4      | Killed Blork the orc
  2900 | D:4      | Reached XP level 6. HP: 42/42 MP: 6/6
  3139 | D:4      | XOM: give mutations
  3139 | D:4      | Gained mutation: You occasionally shout uncontrollably at
                  | your foes. [Xom's mischief]
  3139 | D:4      | Gained mutation: You are frail. (-10% HP) [Xom's mischief]
  3139 | D:4      | Gained mutation: You evolve. [Xom's mischief]
  3197 | D:4      | Gained mutation: You are dopey. (Int -2) [evolution]
  3197 | D:4      | Lost mutation: You evolve. [end of evolution]
  3493 | D:4      | Found a runed translucent gate.
  3493 | D:4      | Found a runed translucent gate.
  3493 | D:4      | Found a runed translucent gate.
  3493 | D:4      | Noticed haplo13's ghost (amateur HuFi)
  3528 | D:4      | XOM: summons 3 hostile shadow creatures
  3555 | D:4      | Slain by haplo13's ghost

Illustrated notes

Levels and vault maps discovered:
D:1:      lightli_arrival_quake, layout_basic
D:2:      layout_rooms
D:3:      layout_loops_ring, serial_shops, nicolae_shop_trees,
          basic_ecumenical_altar, kennysheep_generic_room_16
D:4:      layout_basic, gammafunk_ghost_necromancy, uniq_blork_the_orc

Skill      XL: |  1  2  3  4  5 |
---------------+----------------+-----
Dodging        | 2 |  2.9
Stealth        | 6 |  6.8
Fighting       | 3 |  3.5
Short Blades   | 3 |  3.5
Throwing       | 3 |  3.4

Action                   |  1- 3 |  4- 6 || total
-------------------------+-------+-------++-------
Melee: Dagger            |    80 |    44 ||   124
       Constrict         |    20 |    13 ||    33
       Tentacles         |     8 |    21 ||    29
       Short sword       |       |    23 ||    23
Throw: Dart              |       |     2 ||     2
  Use: Scroll            |     5 |     5 ||    10
 Stab: Sleeping          |    10 |     2 ||    12
Armor: Skin              |     1 |     2 ||     3
Dodge: Dodged            |    50 |    40 ||    90

Table legend: (Time is in decaauts)
 A = Elapsed time spent in this place.
 B = Non-inter-level travel time spent in this place.
 C = Inter-level travel time spent in this place.
 D = Time resting spent in this place.
 E = Time spent auto-exploring this place.
 F = Levels seen in this place.
 G = Mean time per level.
                   A        B        C        D        E       F      G
               +--------+--------+--------+--------+--------+-----+--------+
         Total |   3534 |   3490 |     44 |    636 |   2431 |   4 |  883.5 |
       Dungeon |   3534 |   3490 |     44 |    636 |   2431 |   4 |  883.5 |
               +--------+--------+--------+--------+--------+-----+--------+

Top non-repeatable levels by time:
     D:3: 1035 daAuts
     D:2: 869 daAuts
     D:1: 842 daAuts
     D:4: 786 daAuts
